 Dungeon Crawl Stone Soup version 0.19.1 (webtiles) character file.

72958 lorenzova the Eclecticist (level 15, -1/80 HPs)
             Began as a Deep Elf Conjurer on Dec 3, 2016.
             Was a High Priest of Vehumet.
             Slain by a white ugly thing (34 damage)
             ... on level 13 of the Dungeon.
             The game lasted 01:26:41 (27323 turns).

lorenzova the Eclecticist (Deep Elf Conjurer)      Turns: 27323, Time: 01:26:42

Health: -1/80      AC: 12    Str:  8    XL:     15   Next: 2%
Magic:  26/38      EV: 18    Int: 30    God:    Vehumet [*****.]
Gold:   555        SH:  0    Dex: 15    Spells: 7 memorised, 15 levels left

rFire  + . .     SeeInvis .     Q - staff of fire
rCold  . . .     Gourm    .     x - +2 leather armour {MR+}
rNeg   . . .     Faith    .     (no shield)
rPois  .         Spirit   .     l - +2 hat
rElec  .         Reflect  .     (no cloak)
rCorr  +         Harm     .     y - +1 pair of gloves
MR     ++...                    u - +1 pair of boots of Hedging {Str+3}
Stlth  ++........               i - amulet of magic regeneration
                                a - +3 ring of intelligence
                                J - ring of resist corrosion

@: no status effects
A: no striking features
a: Renounce Religion


You were on level 13 of the Dungeon.
You worshipped Vehumet.
Vehumet was extremely pleased with you.
You were very hungry.

You visited 4 branches of the dungeon, and saw 23 of its levels.
You also visited: Labyrinth.

You collected 2392 gold pieces.
You spent 1837 gold pieces at shops.

Inventory:

Hand Weapons
 v - a +2 battleaxe of electrocution
Armour
 l - a +2 hat (worn)
 u - the +1 pair of boots of Hedging (worn) {Str+3}
   (You acquired it on level 5 of the Dungeon)

   It affects your strength (+3).
 x - a +2 leather armour of magic resistance (worn)
 y - a +1 pair of gloves (worn)
Magical Staves
 Q - an uncursed staff of fire (weapon)
Jewellery
 a - a +3 ring of intelligence (right hand)
 i - an amulet of magic regeneration (around neck)
 J - a ring of resist corrosion (left hand)
 T - the amulet "Vid Puaj" {+Rage rF+ MR++ Str-2}
   (You acquired it on level 2 of the Orcish Mines)

   [amulet of rage]

   It affects your strength (-2).
   It protects you from fire.
   It affects your resistance to hostile enchantments.
   It lets you go berserk.
Wands
 b - a wand of digging (12/24)
Scrolls
 d - 11 scrolls of teleportation
 e - 5 scrolls of amnesia
 f - 8 scrolls of enchant armour
 g - 2 scrolls of noise {unknown}
 j - 10 scrolls of remove curse
 k - 3 scrolls of magic mapping
 m - 4 scrolls of recharging
 n - 5 scrolls of identify
 o - 2 scrolls of summoning
 q - 7 scrolls of fear
 r - a scroll of fog {unknown}
 C - 4 scrolls of random uselessness {unknown}
 D - 3 scrolls of immolation {unknown}
 H - 3 scrolls of blinking {unknown}
 I - 2 scrolls of enchant weapon {unknown}
Potions
 h - 2 potions of might
 p - 10 potions of curing
 s - 4 potions of heal wounds
 A - 5 potions of agility
 B - a potion of brilliance
 E - 2 potions of haste
 F - a potion of ambrosia
 G - a potion of magic
 L - a potion of flight
 N - a potion of berserk rage
 O - 2 potions of cancellation
 S - 2 potions of invisibility
Comestibles
 c - 13 bread rations
 t - 2 beef jerkies


   Skills:
 * Level 4.5 Fighting
 - Level 8.0 Armour
 - Level 10.8 Dodging
 - Level 2.4 Stealth
 + Level 17.0 Spellcasting
 + Level 15.0 Conjurations
 - Level 11.0 Charms
 + Level 7.9 Fire Magic
 + Level 5.8 Ice Magic
 + Level 4.6 Air Magic


You had 15 spell levels left.
You knew the following spells:

 Your Spells              Type           Power        Failure   Level  Hunger
a - Magic Dart            Conj           ####         0%          1    None
b - Iskenderun's Battles  Conj/Chrm      #######.     1%          5    None
c - Iskenderun's Mystic   Conj           #######.     1%          4    None
d - Freezing Cloud        Conj/Ice/Air   ######....   3%          6    ##.....
f - Fireball              Conj/Fire      #######...   1%          5    None
l - Lightning Bolt        Conj/Air       ######....   1%          5    None
o - Orb of Destruction    Conj           #######...   1%          7    ####...


Dungeon Overview and Level Annotations

Branches:
Dungeon (14/15)            Temple (1/1) D:4            Lair (6/6) D:8
  Swamp (0/4) Lair:3       Spider (0/4) Lair:3        Slime (0/5) Lair:6
    Orc (2/2) D:10            Elf (0/3) Orc:2
 Vaults: D:13-14

Altars:
Ashenzari
Cheibriados
Dithmenos
Elyvilon
Fedhas
Gozag
Hepliaklqana
Kikubaaqudgha
Makhleb
Nemelex Xobeh
Okawaru
Qazlal
Ru
Sif Muna
Trog
Uskayaw
Vehumet
Xom
Yredelemnul
Zin
The Shining One
Beogh
Jiyva

Shops:
D:3 *   D:5 ?   Orc:2 ?[[(

Portals:
Trove: D:10 (give 19 potions of curing)

Annotations:
D:14 Frances


Message History

The white ugly thing engulfs you! The white ugly thing freezes you!!
You climb upwards.
There is a stone staircase leading down here.
Casting: Fireball
Confirm with . or Enter, or press ? or * to list all spells.
You conjure a globe of magical energy.
The white ugly thing closely misses you.
Casting: Iskenderun's Battlesphere
Confirm with . or Enter, or press ? or * to list all spells.
Aiming: Iskenderun's Mystic Blast
Press: ? - help, Shift-Dir - straight line, f - white ugly thing
Aim: a white ugly thing The orb of energy hits the white ugly thing.
The white ugly thing is lightly wounded.
The orb of energy explodes!
Your battlesphere fires!
The barrage of energy hits the white ugly thing.
The white ugly thing is moderately wounded.
The white ugly thing engulfs you. The white ugly thing freezes you!!
You die...

#..# ##..# ##.......###
#..# ###.^## #.........##
#..# #.....##
##........... #..#
#......####............
#..#
##.......##...........#
#..#
####.................#
#..# #................##
#..# ##..............##
#..# #@.............# #..#
#######.u..#........##
#..###..........##..######
## #..#.............#..#
.# ##..................##
#### .#
#...................# #...
.# #...............##..#
#...
####...............###.##
#... ##..###............#
#..## #...


You could see a white ugly thing.

Vanquished Creatures
  An orc warlord (Orc:2)
  A stone giant (Orc:2)
  Nessos (D:12)
  Snorg (Lair:5)
  A minotaur (Lab)
  Erolcha (Orc:1)
  A rakshasa (D:12)
  Harold (D:11)
  6 hydras
  A centaur warrior (D:13)
  A tengu warrior (D:13)
  7 death yaks
  2 orc high priests (Orc:2)
  The ghost of kae the Basher, a novice FoFi of Okawaru (D:10)
  Sonja (D:12)
  5 hill giants
  2 ugly things
  3 orc knights (Orc:1)
  3 lindwurms
  6 orc sorcerers (Orc:2)
  3 cyclopes
  A manticore (D:8)
  13 elephants (Lair:6)
  3 black mambas
  Psyche (D:11)
  A torpor snail (Lair:6)
  12 spiny frogs
  6 komodo dragons
  A tengu conjurer (D:13)
  7 trolls
  2 tyrant leeches (Lair:6)
  A minotaur skeleton (Lab)
  A two-headed ogre (D:12)
  14 blink frogs
  Prince Ribbit (D:7)
  9 dream sheep (Lair:6)
  6 hippogriffs
  A shadow (D:6)
  6 slime creatures
  2 redbacks (Lair:3)
  A wraith (D:11)
  A vampire (D:12)
  4 wyverns
  40 yaks
  Eustachio (D:4)
  A human (D:9)
  3 hogs (D:9)
  5 basilisks
  4 hungry ghosts
  A mottled dragon (D:11)
  3 wargs
  A swamp worm (Lair:6)
  14 water moccasins
  31 orc warriors
  3 porcupines (Lair:3)
  8 sky beasts
  4 phantoms
  2 black bears
  12 ogres
  2 necrophages
  7 centaurs
  7 crocodiles
  9 wolves
  A big kobold (D:7)
  16 bullfrogs
  A wyvern skeleton (D:10)
  2 scorpions
  8 killer bees
  4 electric eels
  A bullfrog zombie (D:5)
  6 crimson imps
  10 hounds
  2 quasits
  2 centaur zombies
  2 centaur skeletons
  25 orc priests
  35 orc wizards
  19 jellies
  2 gnoll shamans
  2 iguanas
  2 bullfrog skeletons
  Terence (D:3)
  14 worker ants
  A statue (D:6)
  2 hound skeletons
  2 worker ant zombies
  A howler monkey skeleton (D:6)
  10 adders
  19 gnolls
  4 shadow imps
  12 white imps (Orc:2)
  2 oozes
  An adder skeleton (D:6)
  2 worms
  2 dart slugs (D:1)
  8 leopard geckos
  88 orcs
  4 giant cockroaches
  8 goblins
  6 hobgoblins
  17 jackals
  15 kobolds
  5 quokkas
  3 bats
  6 frilled lizards
  A leopard gecko skeleton (D:4)
  A leopard gecko zombie (D:6)
  A quokka zombie (D:6)
  6 rats
  3 fungi (Lair:1)
  9 plants
695 creatures vanquished.

Vanquished Creatures (others)
  9 fungi (Lair:6)
  10 plants
19 creatures vanquished.

Grand Total: 714 creatures vanquished

Notes
Turn   | Place    | Note
-------+----------+-------------------------------------------
     0 | D:1      | lorenzova the Deep Elf Conjurer began the quest for the Orb.
     0 | D:1      | Reached XP level 1. HP: 10/10 MP: 6/6
   249 | D:1      | Reached XP level 2. HP: 15/15 MP: 6/8
   857 | D:2      | Reached skill level 4 in Spellcasting
   857 | D:2      | Reached skill level 5 in Conjurations
   857 | D:2      | Reached XP level 3. HP: 19/19 MP: 4/10
  1055 | D:2      | Found a faded altar of an unknown god.
  1569 | D:2      | Reached XP level 4. HP: 13/24 MP: 7/12
  1607 | D:2      | Learned a level 4 spell: Iskenderun's Mystic Blast
  1874 | D:3      | Found Zin's Purification Station.
  1879 | D:3      | Found a glowing silver altar of Zin.
  1924 | D:3      | Reached skill level 5 in Spellcasting
  2508 | D:3      | Noticed Terence
  2513 | D:3      | Killed Terence
  2513 | D:3      | Reached XP level 5. HP: 28/28 MP: 2/15
  2700 | D:3      | Reached skill level 6 in Spellcasting
  3030 | D:3      | Reached XP level 6. HP: 4/32 MP: 0/17
  3347 | D:3      | Found a bloodstained altar of Trog.
  3748 | D:4      | Noticed Eustachio
  3807 | D:4      | Killed Eustachio
  3807 | D:4      | Reached skill level 7 in Spellcasting
  3928 | D:4      | Learned a level 5 spell: Iskenderun's Battlesphere
  4074 | D:4      | Reached XP level 7. HP: 36/36 MP: 14/20
  4151 | D:4      | Found a staircase to the Ecumenical Temple.
  4160 | D:4      | Reached skill level 1 in Charms
  4179 | Temple   | Entered the Ecumenical Temple
  4580 | D:4      | Reached skill level 8 in Spellcasting
  5094 | D:5      | Entered Level 5 of the Dungeon
  5126 | D:5      | Reached XP level 8. HP: 40/41 MP: 9/22
  5211 | D:5      | Reached skill level 9 in Spellcasting
  5413 | D:5      | Found Qinnomom's Magic Scroll Boutique.
  5417 | D:5      | Bought a scroll of teleportation for 39 gold pieces
  5417 | D:5      | Bought a scroll of teleportation for 39 gold pieces
  5417 | D:5      | Bought a scroll of magic mapping for 45 gold pieces
  5417 | D:5      | Bought a scroll of identify for 26 gold pieces
  5851 | D:6      | Found a radiant altar of Vehumet.
  5901 | D:6      | Became a worshipper of Vehumet
  6041 | D:6      | Found a hide-covered altar of Uskayaw.
  6095 | D:6      | Found a shimmering altar of Xom.
  6102 | D:6      | Found a shadowy altar of Dithmenos.
  6102 | D:6      | Found a snail-covered altar of Cheibriados.
  6102 | D:6      | Found a stormy altar of Qazlal.
  6105 | D:6      | Found an ancient bone altar of Kikubaaqudgha.
  6142 | D:6      | Found a white marble altar of Elyvilon.
  6151 | D:6      | Reached skill level 5 in Charms
  6424 | D:6      | Found a sacrificial altar of Ru.
  6663 | D:7      | Reached skill level 10 in Spellcasting
  6830 | D:7      | Noticed Prince Ribbit
  6832 | D:7      | Killed Prince Ribbit
  6832 | D:7      | Reached XP level 9. HP: 45/45 MP: 11/25
  7530 | D:7      | Reached skill level 11 in Spellcasting
  7530 | D:7      | Reached skill level 10 in Conjurations
  7568 | D:8      | Noticed a manticore
  7574 | D:7      | Reached * piety under Vehumet
  7574 | D:7      | Offered knowledge of Sandblast by Vehumet.
  8122 | D:6      | Noticed a cyclops
  8254 | D:6      | Killed a cyclops
  8254 | D:6      | Reached skill level 12 in Spellcasting
  8295 | D:6      | Reached XP level 10. HP: 26/50 MP: 21/28
  8497 | D:6      | Offered knowledge of Flame Tongue by Vehumet.
  8499 | D:6      | Reached ** piety under Vehumet
  8970 | D:8      | Killed a manticore
  9219 | D:8      | Reached skill level 13 in Spellcasting
  9492 | D:8      | Offered knowledge of Ignite Poison by Vehumet.
  9637 | D:8      | Reached *** piety under Vehumet
  9788 | D:8      | Found a basalt altar of Yredelemnul.
 10009 | D:8      | Found a staircase to the Lair.
 10498 | D:9      | Offered knowledge of Force Lance by Vehumet.
 10697 | D:9      | Reached skill level 10 in Charms
 10959 | D:9      | Found a shattered altar of Ashenzari.
 11105 | D:9      | Reached XP level 11. HP: 50/54 MP: 4/30
 11449 | Lair:1   | Entered Level 1 of the Lair of Beasts
 11455 | Lair:1   | Reached skill level 14 in Spellcasting
 12192 | Lair:1   | Reached **** piety under Vehumet
 13416 | Lair:2   | Noticed a five-headed hydra
 13420 | Lair:2   | Killed a five-headed hydra
 13764 | Lair:2   | Reached skill level 1 in Armour
 13775 | Lair:2   | Learned a level 5 spell: Fireball
 14282 | Lair:3   | Reached skill level 1 in Fire Magic
 14404 | Lair:3   | Found a staircase to the Swamp.
 14471 | Lair:3   | Noticed a seven-headed hydra
 14475 | Lair:3   | Killed a seven-headed hydra
 14654 | Lair:3   | Offered knowledge of Lightning Bolt by Vehumet.
 14661 | Lair:3   | Learned a level 5 spell: Lightning Bolt
 14678 | Lair:3   | Noticed a seven-headed hydra
 14685 | Lair:3   | Killed a seven-headed hydra
 14685 | Lair:3   | Reached skill level 15 in Spellcasting
 14717 | Lair:3   | Reached skill level 5 in Dodging
 14890 | Lair:3   | Found a hole to the Spider Nest.
 15297 | Lair:4   | Reached XP level 12. HP: 59/59 MP: 27/33
 15399 | Lair:4   | Noticed a death yak
 15405 | Lair:4   | Noticed a death yak
 15408 | Lair:4   | Killed a death yak
 15417 | Lair:4   | Noticed a death yak
 15423 | Lair:4   | Noticed a death yak
 15625 | Lair:4   | Killed a death yak
 15626 | Lair:4   | Killed a death yak
 15629 | Lair:4   | Killed a death yak
 16579 | Lair:5   | Noticed Snorg
 16583 | Lair:5   | Killed Snorg
 16588 | Lair:5   | Reached skill level 5 in Armour
 16953 | Lair:6   | Entered Level 6 of the Lair of Beasts
 17122 | Lair:6   | Noticed a seven-headed hydra
 17125 | Lair:6   | Killed a seven-headed hydra
 17246 | Lair:6   | Reached skill level 5 in Fire Magic
 17265 | Lair:6   | Reached XP level 13. HP: 63/63 MP: 8/34
 17487 | Lair:6   | Reached ***** piety under Vehumet
 17489 | Lair:6   | Reached skill level 16 in Spellcasting
 17507 | Lair:6   | Offered knowledge of Throw Icicle by Vehumet.
 17702 | Lair:6   | Learned a level 6 spell: Freezing Cloud
 17822 | Lair:6   | Found a staircase to the Slime Pits.
 18108 | Lair:6   | Reached skill level 10 in Dodging
 19166 | D:5      | Bought a scroll of acquirement for 676 gold pieces
 19171 | D:5      | Got a pair of faintly humming boots
 19177 | D:5      | Identified the +1 pair of boots of Hedging {Str+3} (You acquired it on level 5 of the Dungeon)
 19309 | D:10     | Entered Level 10 of the Dungeon
 19387 | D:10     | Found a portal to a secret trove of treasure.
 19453 | D:10     | Found a staircase to the Orcish Mines.
 19665 | D:10     | Noticed kae's ghost (novice FoFi)
 19674 | D:10     | Reached skill level 1 in Fighting
 19676 | D:10     | Killed kae's ghost
 20118 | D:11     | Noticed Psyche
 20120 | D:11     | Killed Psyche
 20326 | D:11     | Reached XP level 14. HP: 70/70 MP: 32/36
 20545 | D:11     | Noticed Harold
 20552 | D:11     | Killed Harold
 20991 | D:12     | Noticed Nessos
 21385 | Orc:1    | Entered Level 1 of the Orcish Mines
 21518 | Orc:1    | Offered knowledge of Poison Arrow by Vehumet.
 21850 | Orc:1    | Noticed Erolcha
 21852 | Orc:1    | Killed Erolcha
 21852 | Orc:1    | Reached skill level 1 in Ice Magic
 22261 | Orc:2    | Entered Level 2 of the Orcish Mines
 22271 | Orc:2    | Reached skill level 1 in Air Magic
 22288 | Orc:2    | Found a roughly hewn altar of Beogh.
 22295 | Orc:2    | Found Qunwypp's Armour Shop.
 22296 | Orc:2    | Found a labyrinth entrance.
 22313 | Lab      | Entered a labyrinth
 23275 | Orc:2    | Found a staircase to the Elven Halls.
 23911 | Orc:2    | Found a roughly hewn altar of Beogh.
 23913 | Orc:2    | Offered knowledge of Venom Bolt by Vehumet.
 24098 | Orc:2    | Found a roughly hewn altar of Beogh.
 24105 | Orc:2    | Found Kestuv's Magic Scroll Boutique.
 24190 | Orc:2    | Noticed a stone giant
 24191 | Orc:2    | Killed a stone giant
 24198 | Orc:2    | Found a roughly hewn altar of Beogh.
 24314 | Orc:2    | Noticed an orc warlord
 24358 | Orc:2    | Killed an orc warlord
 24418 | Orc:2    | Found a roughly hewn altar of Beogh.
 24582 | Orc:2    | Found Ihin's Antique Weapon Emporium.
 24583 | Orc:2    | Found a roughly hewn altar of Beogh.
 24589 | Orc:2    | Found Guikhoeg's Antique Armour Shoppe.
 24712 | Orc:2    | Found a roughly hewn altar of Beogh.
 24896 | Orc:2    | Bought a scroll of acquirement for 780 gold pieces
 24896 | Orc:2    | Bought a scroll of teleportation for 45 gold pieces
 24896 | Orc:2    | Bought a scroll of fear for 52 gold pieces
 24896 | Orc:2    | Bought a scroll of identify for 30 gold pieces
 24896 | Orc:2    | Bought a scroll of teleportation for 45 gold pieces
 24896 | Orc:2    | Bought a scroll of identify for 30 gold pieces
 24896 | Orc:2    | Bought a scroll of identify for 30 gold pieces
 24905 | Orc:2    | Got a pitted crystal amulet
 24910 | Orc:2    | Identified the amulet "Vid Puaj" {+Rage rF+ MR++ Str-2} (You acquired it on level 2 of the Orcish Mines)
 25231 | D:12     | Killed Nessos
 25521 | D:12     | Found a viscous altar of Jiyva.
 25659 | D:12     | Noticed Sonja
 25662 | D:12     | Killed Sonja
 25662 | D:12     | Reached skill level 5 in Ice Magic
 26479 | D:13     | Reached skill level 17 in Spellcasting
 26649 | D:13     | Offered knowledge of Orb of Destruction by Vehumet.
 26649 | D:13     | Reached skill level 15 in Conjurations
 26659 | D:13     | Learned a level 7 spell: Orb of Destruction
 26819 | D:13     | Reached XP level 15. HP: 47/80 MP: 25/38
 27318 | D:14     | Noticed Frances
 27323 | D:13     | Slain by a white ugly thing

Skill      XL: |  1  2  3  4  5  6  7  8  9 10 11 12 13 14 |
---------------+-------------------------------------------+-----
Spellcasting   | 4 5 6 7 8 10 12 13 15 16 17 | 17.0
Conjurations   | 5 6 7 8 9 11 12 13 14 15 | 15.0
Charms         | 3 6 8 10 11 | 11.0
Armour         | 2 5 7 8 |  8.0
Dodging        | 5 8 10 | 10.8
Fire Magic     | 2 5 6 7 |  7.9
Fighting       | 1 4 |  4.5
Ice Magic      | 5 |  5.8
Air Magic      | 4 |  4.6
Stealth        | |  2.4

Action                   |  1- 3 |  4- 6 |  7- 9 | 10-12 | 13-15 || total
-------------------------+-------+-------+-------+-------+-------++-------
Melee: Unarmed           |       |     1 |       |       |       ||     1
       Battleaxe         |       |     5 |    13 |    27 |       ||    45
       Staff             |       |       |       |       |     1 ||     1
 Cast: Magic Dart        |    66 |    92 |   176 |   252 |   283 ||   869
       Iskenderun's Myst |       |     9 |    61 |    95 |   149 ||   314
       Iskenderun's Batt |       |       |    12 |    74 |   100 ||   186
       Fireball          |       |       |       |    19 |   122 ||   141
       Lightning Bolt    |       |       |       |     1 |     3 ||     4
  Use: Scroll            |     2 |     1 |     4 |    10 |    12 ||    29
  Eat: Chunk             |     2 |     8 |    15 |    19 |    18 ||    62
       Beef jerky        |       |       |     1 |     5 |     2 ||     8
       Fruit             |       |       |       |     3 |       ||     3
       Meat ration       |       |       |       |     1 |     1 ||     2
Armor: Robe              |     3 |     3 |       |       |       ||     6
       Leather armour    |       |       |    48 |    17 |    14 ||    79
Dodge: Dodged            |     6 |    19 |    59 |    40 |    40 ||   164
